 Dungeon Crawl Stone Soup version 0.31-a0-631-g285b096dc4 (webtiles) character file.

Game seed: 12992752225443560456

2964 Fodor the Cleaver (level 9, -6/79 HPs)
             Began as a Minotaur Fighter on Aug 25, 2023.
             Was an Initiate of Gozag.
             Mangled by a sixfirhy (11 damage)
             ... summoned by a kobold demonologist
             ... on level 7 of the Dungeon.
             The game lasted 00:42:11 (7028 turns).

Fodor the Cleaver (Minotaur Fighter)                Turns: 7028, Time: 00:42:12

Health: -6/79      AC: 12    Str: 24    XL:     9   Next: 52%
Magic:  8/8        EV:  8    Int:  5    God:    Gozag
Gold:   245        SH:  9    Dex: 11    Spells: 8/8 levels left

rFire   + . .        h - +2 war axe (heavy)
rCold   x . .        p - +0 kite shield
rNeg    . . .        f - +0 chain mail
rPois   .            (helmet restricted)
rElec   .            s - +0 cloak
rCorr   .            (no gloves)
SInv    .            (no boots)
Will    .....        l - amulet of regeneration Stlth
                     u - ring of fire
HPRegen 1.13/turn    (no ring)
MPRegen 0.11/turn

%: no passive effects
@: no status effects
A: horns 2, retaliatory headbutt
a: Renounce Religion, Potion Petition, Call Merchant, Bribe Branch


You were on level 7 of the Dungeon.
You worshipped Gozag.
Gozag was aware of your devotion.
You visited 2 branches of the dungeon, and saw 8 of its levels.

You collected 753 gold pieces.
You spent 464 gold pieces at shops.
You paid 44 gold pieces to Gozag.

Inventory:

Hand Weapons
 h - a +2 heavy war axe (weapon)
Missiles
 c - 2 darts of dispersal (quivered)
 x - 3 throwing nets
 D - 5 javelins
Armour
 f - a +0 chain mail (worn)
 p - a +0 kite shield (worn)
 s - a +0 cloak (worn)
Jewellery
 l - an amulet of regeneration (around neck)
 u - a ring of fire (left hand)
 y - a ring of fire
Wands
 o - a wand of quicksilver (9)
 r - a wand of charming (7)
 C - a wand of polymorph (6)
Scrolls
 a - 3 scrolls of revelation
 b - 2 scrolls of fog
 e - a scroll of blinking
 k - a scroll of poison {unknown}
 m - 3 scrolls of fear
 t - 4 scrolls of teleportation
 w - 3 scrolls of amnesia {unknown}
Potions
 d - 5 potions of might
 g - a potion of resistance {unknown}
 i - a potion of enlightenment
 j - 4 potions of heal wounds
 n - a potion of berserk rage {unknown}
 q - 2 potions of attraction {unknown}
 v - a potion of lignification {unknown}
 z - 2 potions of curing
 A - a potion of degeneration {unknown}
 B - 2 potions of brilliance {unknown}


   Skills:
 + Level 7.4 Fighting
 + Level 2.5 Long Blades
 + Level 10.0 Axes
 + Level 9.1 Armour
 + Level 2.6 Dodging
 + Level 1.2 Stealth
 + Level 6.0 Shields
 + Level 0.1 Evocations


You had 8 spell levels left.
You didn't know any spells.
Your spell library contained the following spells:

 Spells                   Type           Power      Damage    Failure   Level
 Freeze                   Ice            0%         1d3       99%         1
 Sublimation of Blood     Necr           0%         N/A       100%        2
 Dazzling Flash           Conj/Hex       0%         N/A       100%        3
 Frozen Ramparts          Ice            0%         1d1       100%        3
 Hailstorm                Conj/Ice       0%         3d3       100%        3
 Volatile Blastmotes      Fire/Tloc      0%         2d10      100%        3
 Petrify                  Tmut/Erth      0%         N/A       100%        4
 Irradiate                Conj/Tmut      0%         3d11      100%        5
 Starburst                Conj/Fire      0%         6d3       100%        6
 Maxwell's Capacitive Co  Air            0%         ∞         100%        8


Dungeon Overview and Level Annotations

Branches:
Dungeon (7/15)             Temple (1/1) D:4

Altars:
Ashenzari
Cheibriados
Dithmenos
Elyvilon
Fedhas
Gozag
Hepliaklqana
Kikubaaqudgha
Makhleb
Nemelex Xobeh
Okawaru
Qazlal
Ru
Sif Muna
Trog
Uskayaw
Vehumet
Xom
Yredelemnul
Zin
The Shining One

Shops:
D:1 =((*


Innate Abilities, Weirdness & Mutations

You have a pair of horns on your head.
You reflexively headbutt those who attack you in melee.


Message History

You block the puff of frost.
The white imp hits you but does no damage.
You slice the white imp!!
You kill the white imp!
You now have 245 gold pieces (gained 6).
Okay, then.
You set off the alarm!
The alarm trap emits a blaring wail!
A sentinel's mark forms upon you.
You hear a shout!
A kobold demonologist comes into view. It is wielding a +3 war axe.
A kobold brigand comes into view.
It is wielding a +0 short sword and quivering poisoned darts.
A kobold comes into view. It is wielding a +0 whip.
The kobold demonologist casts a spell.
A kobold comes into view. It is wielding a +0 whip.
The kobold demonologist looks braver for a moment.
The kobold demonologist closely misses you.
You closely miss the kobold demonologist.
Your headbutt misses the kobold demonologist.
The kobold demonologist hits you with a +3 war axe!
You block the kobold demonologist's attack.
You miss the kobold demonologist. The sixfirhy barely misses you.
You miss the sixfirhy. Your headbutt misses the sixfirhy.
The sentinel's mark upon you fades away.
The sixfirhy barely misses you. You block the sixfirhy's attack. x2
The sixfirhy hits you. The sixfirhy shocks you!
You block the sixfirhy's attack. The sixfirhy hits you!
The sixfirhy shocks you!
You slash the sixfirhy! Your headbutt misses the sixfirhy.
The sixfirhy is moderately wounded.
You barely miss the sixfirhy.
The sixfirhy is moderately wounded.
The sixfirhy hits you. The sixfirhy shocks you! The sixfirhy hits you.
The sixfirhy shocks you!
* * * LOW HITPOINT WARNING * * *
The sixfirhy hits you!
* * * LOW HITPOINT WARNING * * *
The sixfirhy shocks you!
You die...
Your body crumbles into a pile of gold.

#......## #### ..## #......# ...
.....##...#.## .# #>.......# .#
.#####...##### .###.#
............... ...>.#
############### ......
#K######.............# ..####
#KKK3@.........#####.# ..#
##########.#.#.# #.# ..# #...#.#
#.# ..# ###.#.# #.# ..# #.#.# #..
..# #.#.####### ..# #..........
#########################........
.................................


You could see a kobold demonologist, a sixfirhy (summoned), a kobold brigand and
2 kobolds.

Vanquished Creatures
  Joseph (D:7)
  Prince Ribbit (D:5)
  A hornet (D:7)
  Eustachio (D:6)
  A sky beast (D:6)
  An ogre (D:4)
  A black bear (D:6)
  5 phantoms
  A bullfrog (D:5)
  3 scorpions
  A gnoll sergeant (D:6)
  5 killer bees (D:7)
  A howler monkey (D:7)
  6 orc priests
  A gnoll bouda (D:4)
  5 hounds
  2 iguanas
  2 sleepcaps
  6 orc wizards
  10 gnolls
  6 adders
  A shadow imp (D:6)
  4 white imps
  An adder zombie (D:3)
  2 worms
  2 dart slugs
  31 orcs
  6 ball pythons
  6 endoplasms
  2 giant cockroaches
  6 goblins
  8 hobgoblins
  3 jackals (D:1)
  5 kobolds
  6 quokkas
  A ball python zombie (D:3)
  2 bats
  5 frilled lizards
  6 rats
158 creatures vanquished.

Notes
Turn   | Place    | Note
-------+----------+-------------------------------------------
     0 | D:1      | Fodor the Minotaur Fighter began the quest for the Orb.
     0 | D:1      | Reached XP level 1. HP: 19/19 MP: 0/0
   415 | D:1      | Found Fuatzerr's Antique Weapon Shop.
   420 | D:1      | Found Noungitt's Jewellery Emporium.
   673 | D:1      | Reached XP level 2. HP: 27/27 MP: 1/1
   755 | D:1      | Found Ziur's Weapon Emporium.
   758 | D:1      | Bought a +0 war axe for 38 gold pieces
  1077 | D:1      | Found Dujalamp's General Store.
  1081 | D:1      | Bought a potion of curing for 42 gold pieces
  1081 | D:1      | Found Kosheot's Magic Scroll Boutique.
  1117 | D:1      | Bought a scroll of identify for 24 gold pieces
  1398 | D:2      | Reached XP level 3. HP: 28/33 MP: 2/2
  1772 | D:2      | Reached skill level 1 in Axes
  1979 | D:3      | Reached skill level 5 in Armour
  2060 | D:3      | Reached skill level 2 in Axes
  2060 | D:3      | Reached XP level 4. HP: 32/40 MP: 3/3
  2227 | D:3      | Found a basalt altar of Yredelemnul.
  2457 | D:3      | Reached skill level 3 in Axes
  2457 | D:3      | Reached XP level 5. HP: 36/47 MP: 4/4
  2747 | D:4      | Reached skill level 5 in Fighting
  2747 | D:4      | Reached XP level 6. HP: 56/56 MP: 5/5
  2788 | D:4      | Found an ancient bone altar of Kikubaaqudgha.
  2788 | D:4      | Found a stormy altar of Qazlal.
  2791 | D:4      | Found a sacrificial altar of Ru.
  2801 | D:4      | Reached skill level 4 in Axes
  2809 | D:4      | Reached skill level 1 in Dodging
  2810 | D:4      | Found an iron altar of Okawaru.
  2810 | D:4      | Found a radiant altar of Vehumet.
  2810 | D:4      | Found a glowing golden altar of the Shining One.
  2986 | D:4      | Found a bloodstained altar of Trog.
  2992 | D:4      | Found a shadowy altar of Dithmenos.
  2993 | D:4      | Found a blossoming altar of Fedhas.
  3020 | D:4      | Found a staircase to the Ecumenical Temple.
  3059 | D:4      | Reached skill level 5 in Axes
  3089 | Temple   | Entered the Ecumenical Temple
  3189 | D:4      | Reached XP level 7. HP: 60/62 MP: 6/6
  3255 | D:4      | Reached skill level 6 in Axes
  3876 | Temple   | Became a worshipper of Gozag Ym Sagoz the Greedy
  3909 | D:5      | Entered Level 5 of the Dungeon
  3921 | D:5      | Reached skill level 7 in Axes
  4113 | D:5      | Reached XP level 8. HP: 70/70 MP: 7/7
  4302 | D:5      | Noticed Prince Ribbit
  4428 | D:5      | Found a white marble altar of Elyvilon.
  4548 | D:5      | Found a sparkling altar of Nemelex Xobeh.
  4973 | D:5      | Killed Prince Ribbit
  4974 | D:5      | Reached skill level 8 in Axes
  5663 | D:6      | Noticed Eustachio
  5694 | D:6      | Killed Eustachio
  5695 | D:6      | Reached skill level 9 in Axes
  5695 | D:6      | Reached skill level 5 in Shields
  5767 | D:6      | Reached XP level 9. HP: 57/79 MP: 8/8
  6032 | D:1      | Bought a scroll of revelation for 90 gold pieces
  6032 | D:1      | Bought a scroll of fear for 48 gold pieces
  6032 | D:1      | Bought a scroll of enchant weapon for 90 gold pieces
  6032 | D:1      | Bought a scroll of fog for 48 gold pieces
  6032 | D:1      | Bought a scroll of fear for 48 gold pieces
  6032 | D:1      | Bought a scroll of teleportation for 36 gold pieces
  6609 | D:7      | Noticed Joseph
  6623 | D:7      | Reached skill level 1 in Stealth
  6627 | D:7      | Killed Joseph
  6703 | D:7      | Paralysed by a hornet for 3 turns
  6884 | D:7      | Reached skill level 10 in Axes
  7019 | D:7      | Noticed a kobold demonologist
  7022 | D:7      | Noticed a sixfirhy
  7028 | D:7      | Mangled by a sixfirhy

Illustrated notes

Levels and vault maps discovered:
D:1:      minmay_arrival_four_circles, layout_loops_ring, serial_shops, shop,
          nicolae_diamond_shop, shop, shop, nicolae_shop_pleasant_corner_grove,
          kennysheep_crisscross
D:2:      layout_loops_ring
D:3:      layout_basic, lemuel_zombie_altar_yredelemnul
D:4:      layout_basic, minitemple, minmay_temple_entry_mist,
          kennysheep_generic_room_10
D:5:      layout_layer_cave, mainiacjoe_overflow_big_doors, grunt_ministairs_1,
          minmay_misc_feat_iff, uniq_prince_ribbit1
D:6:      layout_loops_corners, uniq_eustachio
D:7:      layout_basic, kennysheep_generic_room_14, uniq_joseph
Temple:   nicolae_temple_figure_zero

Skill      XL: |  1  2  3  4  5  6  7  8  9 |
---------------+----------------------------+-----
Armour         | 4 5 6 8 9 |  9.1
Fighting       | 4 5 6 7 |  7.4
Axes           | 2 3 5 7 9 10 | 10.0
Dodging        | 1 2 |  2.6
Shields        | 4 5 6 |  6.0
Stealth        | 1 |  1.2
Long Blades    | |  2.5
Evocations     | |  0.1

Action                     |  1- 3 |  4- 6 |  7- 9 || total
---------------------------+-------+-------+-------++-------
  Melee: Long sword        |    29 |       |       ||    29
         Headbutt          |    14 |    15 |    33 ||    62
         War axe           |    72 |   115 |   199 ||   386
  Evoke: Wand              |       |       |     1 ||     1
    Use: Scroll            |     2 |     3 |     5 ||    10
         Potion            |       |     3 |     1 ||     4
   Stab: Distracted        |       |       |     1 ||     1
 Armour: Chain mail        |    76 |    75 |   126 ||   277
  Dodge: Dodged            |    40 |    41 |    71 ||   152
  Block: Buckler           |    27 |    25 |    27 ||    79
         Kite shield       |       |       |    64 ||    64

Table legend: (Time is in decaauts)
 A = Elapsed time spent in this place.
 B = Non-inter-level travel time spent in this place.
 C = Inter-level travel time spent in this place.
 D = Time resting spent in this place.
 E = Time spent auto-exploring this place.
 F = Levels seen in this place.
 G = Mean time per level.
                   A        B        C        D        E       F      G
               +--------+--------+--------+--------+--------+-----+--------+
         Total |   7207 |   6623 |    584 |    874 |      0 |   8 |  900.9 |
       Dungeon |   7141 |   6557 |    584 |    874 |      0 |   7 | 1020.1 |
        Temple |     66 |     66 |      0 |      0 |      0 |   1 |   66.0 |
               +--------+--------+--------+--------+--------+-----+--------+

Top non-repeatable levels by time:
     D:5: 1414 daAuts
     D:1: 1377 daAuts
     D:4: 1281 daAuts
     D:6: 1001 daAuts
     D:2: 800 daAuts
     D:3: 772 daAuts
     D:7: 493 daAuts
  Temple: 66 daAuts
